[Event "Team 45 45 League T40"]
[Site "Internet Chess Club"]
[Date "2009.02.28"]
[Round "5"]
[White "sdcohle"]
[Black "ElMarginal"]
[Result "1/2-1/2"]
[WhiteElo "1276"]
[BlackElo "1405"]
[Opening "QGD: Marshall defense"]
[ECO "A50"]
[Time "22:00:08"]
[TimeControl "2700+45"]

1. d4 Nf6 2. c4 d5 3. e3 c6 4. Nd2 Nbd7 5. Ngf3 dxc4 6. Bxc4 Nb6 7. Bb3 Bg4 8.
O-O e6 9. Qc2 Bf5 10. e4 Bg6 11. Re1 Bb4 12. Ne5 Qxd4 13. Nxg6 hxg6 14. Nf3 Qd8
15. Rd1 Qc7 16. Be3 Ng4 17. g3 Nxe3 18. fxe3 Nd7 19. a3 Be7 20. Rd2 O-O-O 21.
Rad1 Nf6 22. Ng5 Bc5 23. Qxc5 Ng4 24. Rxd8+ Rxd8 25. Rxd8+ Kxd8 26. Qf8+ Kd7 27.
Qxf7+ Kd6 28. Qf4+ Ne5 29. Bxe6 Qa5 30. Qf8+ Kc7 31. Qc8+ Kd6 32. Qf8+ Kc7 33.
Qf1 Qd2 34. Qf2 Qc1+ 35. Kg2 Nd3 36. Qe2 Nxb2 37. Bf7 Nd1 38. Bxg6 Nxe3+ 39. Kf3
Nc2 40. Ne6+ Kb8 41. Qd3 Ne1+ 42. Kg4 Nxd3 43. Nxg7 Ne5+ 44. Kf5 Nf3 45. h4 Qh6
46. Ne6 Kc8 47. h5 b6 48. g4 Nh4+ 49. Kf6 Qh8+ 50. Ng7 Qd8+ 51. Kf7 Qg5 52. Ne6
Qxg4 53. Nf8 Qf4+ 54. Kg7 Qc7+ 55. Kg8 Nf3 56. h6 Ng5 57. h7 Nxh7 58. Nxh7 Qe7
59. Bf5+ Kc7 60. Nf8 Qxa3 61. Ng6 c5 62. e5 c4 63. e6 Kd8 64. Kf7 c3 65. e7+
Qxe7+ 66. Nxe7 b5 67. Nd5 a5 68. Nxc3 b4 69. Na4 Kc7 70. Ke6 Kc6 71. Bd3 {Game
drawn by mutual agreement} 1/2-1/2

[Event "Team 45 45 League T40"]
[Site "Internet Chess Club"]
[Date "2009.02.26"]
[Round "5"]
[White "chiiwen"]
[Black "Folgers"]
[Result "1/2-1/2"]
[WhiteElo "2096"]
[BlackElo "2085"]
[Opening "KP: Nimzovich defense"]
[ECO "B00"]
[Time "20:02:40"]
[TimeControl "2700+45"]

1. e4 Nc6 2. Nf3 d6 3. d4 Nf6 4. Nc3 g6 5. Bb5 a6 6. Be2 Bg7 7. O-O O-O 8. Bg5
Ne8 9. Qd2 f5 10. Bc4+ Kh8 11. d5 Ne5 12. Nxe5 Bxe5 13. f4 Bg7 14. Rae1 fxe4 15.
Rxe4 Nf6 16. Bxf6 Bxf6 17. Bd3 Bf5 18. Ree1 Qd7 19. b3 Rae8 20. Ne4 e6 21. Nxf6
Rxf6 22. Bxf5 gxf5 23. Qd4 Qg7 24. Rf3 Rg6 25. Qxg7+ Kxg7 26. Rc3 Re7 27. dxe6
Kf6 28. Kf2 Rgg7 29. Rce3 Rg8 30. a4 Rge8 31. Rc3 c6 32. Rh3 Kg7 33. Rh5 Kg6 34.
Rg5+ Kf6 35. Rh5 Kg6 36. Rg5+ Kf6 37. Rh5 Kg6 {Game drawn by repetition} 1/2-1/2

[Event "Team 45 45 League T40"]
[Site "Internet Chess Club"]
[Date "2009.03.05"]
[Round "5"]
[White "BigTweeds"]
[Black "martineden"]
[Result "1/2-1/2"]
[WhiteElo "2002"]
[BlackElo "1961"]
[Opening "Robatsch (modern) defense"]
[ECO "B06"]
[Time "12:33:28"]
[TimeControl "2700+45"]

1. e4 g6 2. d4 Bg7 3. Nc3 d6 4. Be3 c6 5. a4 Nf6 6. h3 O-O 7. Bd3 Qc7 8. f4 Na6
9. Bxa6 bxa6 10. Nf3 Rb8 11. Rb1 a5 12. O-O Ba6 13. Re1 Rb4 14. b3 Rc8 15. e5
dxe5 16. fxe5 Nd5 17. Ne4 Nxe3 18. Rxe3 Rd8 19. Nc5 Bh6 20. Re1 Bc8 21. c3 Rb6
22. Qe2 Bf5 23. Rbd1 Be6 24. Nxe6 fxe6 25. Qc4 Qd7 26. Re2 Qd5 27. Qxd5 cxd5 28.
Rb2 Rc8 29. Rd3 Rcb8 30. b4 axb4 31. cxb4 Rxb4 32. Rxb4 Rxb4 33. Ra3 a5 34. g4
Bf4 35. h4 Rb1+ 36. Kg2 Rb2+ 37. Kh3 Rb4 38. Kg2 Rb2+ 39. Kh3 Rb4 {Game drawn by
mutual agreement} 1/2-1/2

[Event "Team 45 45 League T40"]
[Site "Internet Chess Club"]
[Date "2009.02.27"]
[Round "5"]
[White "chess9397"]
[Black "MeanMrMustard"]
[Result "0-1"]
[WhiteElo "1872"]
[BlackElo "1935"]
[Opening "Sicilian: closed"]
[ECO "B23"]
[Time "20:00:08"]
[TimeControl "2700+45"]

1. e4 c5 2. Nc3 e6 3. f4 d5 4. Bb5+ Bd7 5. Bxd7+ Qxd7 6. d3 d4 7. Nce2 Nc6 8.
Nf3 Nf6 9. c3 dxc3 10. Nxc3 Rd8 11. Qb3 Be7 12. O-O O-O 13. Rd1 b6 14. Be3 Ng4
15. Bc1 Nd4 16. Qc4 b5 17. Nxb5 Qxb5 18. Qxb5 Nxb5 19. h3 Nf6 20. Be3 Nd4 21.
Rd2 Nxf3+ 22. gxf3 Rb8 23. Rg2 Rfd8 24. Rd1 Rb7 25. Kf2 Rxb2+ 26. Kf1 Rdb8 27.
Rxb2 Rxb2 28. a4 Rb4 29. Ra1 Nd7 30. Ke2 Kf8 31. Ra2 e5 32. fxe5 Nxe5 33. Bd2
Rb3 34. Be3 Nxd3 35. a5 Rb2+ 36. Rxb2 Nxb2 37. a6 Ke8 38. f4 Kd7 39. Bc1 Na4 40.
Kd3 Kc6 41. Kc4 Nb6+ 42. Kc3 Kb5 43. e5 Nd5+ 44. Kd3 Nb4+ 45. Kd2 Kc4 46. Ke2
Nxa6 47. Kd2 Nb4 48. Ke2 a5 49. Kd2 Nd3 50. Kc2 Nxc1 51. Kxc1 Kb3 {White
resigns} 0-1

[Event "Team 45 45 League T40"]
[Site "Internet Chess Club"]
[Date "2009.03.02"]
[Round "5"]
[White "jcdios"]
[Black "chess9793"]
[Result "0-1"]
[WhiteElo "1921"]
[BlackElo "1862"]
[Opening "Nimzo-Indian: Fischer variation"]
[ECO "E43"]
[Time "19:00:06"]
[TimeControl "2700+45"]

1. d4 Nf6 2. c4 e6 3. Nc3 Bb4 4. e3 b6 5. Bd3 Bb7 6. Ne2 Bxg2 7. Rg1 Bf3 8. Rxg7
Ng4 9. Qc2 f5 10. h3 Qf6 11. hxg4 Qxg7 12. gxf5 exf5 13. Bxf5 Nc6 14. Bd2 O-O-O
15. O-O-O Qg2 16. Re1 Qxf2 17. Nf4 Qh4 18. Nfd5 Bd6 19. Rf1 Bg2 20. Be1 Qg5 21.
Bh4 Qxh4 22. Qxg2 Rdg8 23. Qf3 Qg3 24. Bxd7+ Kxd7 25. Nf6+ Kc8 26. Qxc6 Qg2 27.
Qd7+ Kb8 28. Rd1 Rd8 29. Qa4 Qf3 30. Nfd5 Kb7 31. c5 c6 32. cxb6 axb6 33. Nb4
Bxb4 34. Qxb4 Qxe3+ 35. Kb1 c5 36. dxc5 Rxd1+ 37. Nxd1 Qxc5 38. Qe4+ Kc7 39.
Qf4+ Qd6 40. Qc4+ Kb7 41. Qe4+ Kb8 42. Nc3 Qg6 43. Kc2 Qxe4+ 44. Nxe4 h5 45. Nf2
h4 46. Nh3 Rg8 47. Kd2 Rg2+ 48. Ke1 Rxb2 49. Nf4 Rxa2 50. Kf1 b5 51. Nd3 Kc7 52.
Kg1 Kb6 53. Kh1 Ka5 54. Ne5 Re2 55. Nf3 h3 56. Nd4 Ra2 57. Nc6+ Ka4 58. Nd4 b4
59. Ne6 b3 60. Nc5+ Ka3 61. Ne4 b2 62. Nd2 Ra1+ 63. Kh2 Kb4 64. Kxh3 Kc3 65.
Ne4+ Kd3 66. Nf2+ Kd4 {White resigns} 0-1

[Event "Team 45 45 League T40"]
[Site "Internet Chess Club"]
[Date "2009.02.28"]
[Round "5"]
[White "Wheels"]
[Black "dnmuscg"]
[Result "0-1"]
[WhiteElo "1967"]
[BlackElo "1980"]
[Opening "Ruy Lopez: Anderssen variation"]
[ECO "C77"]
[Time "11:00:57"]
[TimeControl "2700+45"]

1. e4 e5 2. Nf3 Nc6 3. Bb5 a6 4. Ba4 Nf6 5. d3 b5 6. Bb3 Be7 7. O-O O-O 8. c3 d5
9. Nbd2 Be6 10. Re1 Qd6 11. Nf1 dxe4 12. dxe4 Qxd1 13. Bxd1 Rfd8 14. Ng3 h6 15.
Bc2 g5 16. h4 g4 17. Nh2 Kg7 18. Be3 Nd7 19. Bd1 Bxh4 20. Nxg4 Bxg4 21. Bxg4
Bxg3 22. fxg3 Nf6 23. Bf3 Nh7 24. a4 Ng5 25. Kf1 b4 26. Rac1 b3 27. Rcd1 Na5 28.
Bxg5 hxg5 29. Rxd8 Rxd8 30. Rd1 Rxd1+ 31. Bxd1 c5 32. Ke2 c4 33. Kf3 Nb7 34. Be2
Nd6 35. Ke3 Kg6 36. Bf3 Kf6 37. Be2 Ke7 38. Kf3 Ke6 39. Kg4 f6 40. Kf3 Kf7 41.
Kg4 Kg6 42. Kf3 f5 43. exf5+ Kxf5 44. Ke3 Ke6 45. Kf3 Kd5 46. Ke3 e4 47. Bg4 Ke5
48. Bd7 Nb7 49. Bc6 Nc5 50. a5 Nd3 51. Bxe4 Nxb2 52. Bb7 Na4 53. Kd2 Nc5 54. Bc8
Kd6 55. Kc1 Kc6 56. Bg4 Kb5 57. Be2 Ne4 58. Kb2 Nxg3 59. Bf3 Kxa5 60. Bd5 Kb5
61. Bf7 Ne4 62. Be6 Nf2 63. Bf5 Nd1+ {White resigns} 0-1

[Event "Team 45 45 League T40"]
[Site "Internet Chess Club"]
[Date "2009.02.28"]
[Round "5"]
[White "ivanson"]
[Black "Philly-Boy"]
[Result "1-0"]
[WhiteElo "1831"]
[BlackElo "1775"]
[Opening "Scandinavian defense"]
[ECO "B01"]
[Time "18:01:20"]
[TimeControl "2700+45"]

1. e4 d5 2. exd5 Nf6 3. Nf3 Nxd5 4. d4 g6 5. c4 Nb6 6. Nc3 Bg7 7. c5 Nd5 8. Bc4
c6 9. O-O O-O 10. Re1 e6 11. Bg5 Qc7 12. Ne4 Nd7 13. Qd2 e5 14. Bh6 exd4 15.
Bxg7 Kxg7 16. Qxd4+ N5f6 17. Nd6 Qd8 18. Ng5 b5 19. Bxf7 Nb8 20. Be6 Bd7 21.
Bxd7 {Black resigns} 1-0

[Event "Team 45 45 League T40"]
[Site "Internet Chess Club"]
[Date "2009.03.03"]
[Round "5"]
[White "SugarIslander"]
[Black "KAKTUS"]
[Result "1/2-1/2"]
[WhiteElo "1705"]
[BlackElo "1628"]
[Opening "Owen defense"]
[ECO "B00"]
[Time "15:00:07"]
[TimeControl "2700+45"]

1. e4 b6 2. d4 Bb7 3. Bd3 e6 4. Nf3 Nf6 5. e5 Ne4 6. Qe2 d5 7. Nbd2 Nxd2 8. Qxd2
c5 9. c3 Nc6 10. O-O Be7 11. Qf4 c4 12. Bc2 Qc7 13. Qg4 g6 14. h4 O-O-O 15. Bh6
Kb8 16. Ng5 Bf8 17. Bxf8 Rdxf8 18. Qf4 Bc8 19. Nh3 h6 20. Qf6 b5 21. f3 Rfg8 22.
a4 b4 23. Qf4 b3 24. Bd1 a5 25. Nf2 f5 26. g4 g5 27. Qh2 gxh4 28. Qxh4 h5 29. g5
f4 30. Nh3 Qg7 31. Qxf4 Rf8 32. Qg3 Ne7 33. f4 Nf5 34. Qf3 Bd7 35. Rf2 Be8 36.
Be2 h4 37. Rg2 Ng3 38. Qe3 Bg6 39. Bf3 Qf7 40. Kh2 Kc7 41. Re1 Qd7 42. Ra1 Qf7
43. Re1 Kb6 44. Bxd5 exd5 45. e6 Qe7 46. Qe5 Be4 47. Rxe4 Nxe4 48. Qxd5 Nd6 49.
Qc5+ Ka6 50. Qc6+ Ka7 51. Qc5+ Ka6 {Game drawn by mutual agreement} 1/2-1/2

[Event "Team 45 45 League T40"]
[Site "Internet Chess Club"]
[Date "2009.02.26"]
[Round "5"]
[White "UriahHeep"]
[Black "oldsj"]
[Result "0-1"]
[WhiteElo "1459"]
[BlackElo "1597"]
[Opening "Danish gambit"]
[ECO "C21"]
[Time "19:00:10"]
[TimeControl "2700+45"]

1. e4 e5 2. d4 exd4 3. c3 dxc3 4. Bc4 Nc6 5. Nxc3 Nf6 6. Nf3 d6 7. Bxf7+ Kxf7 8.
Ng5+ Ke8 9. Qb3 Qd7 10. O-O h6 11. Nf3 Qe6 12. Qd1 Bd7 13. Re1 Ne5 14. Nd5 Nxf3+
15. Qxf3 Nxd5 16. Qh5+ g6 17. Qd1 Ne7 18. b3 Bg7 19. Rb1 Bc6 20. Bb2 Bxb2 21.
Rxb2 Qf6 22. e5 dxe5 23. Rbe2 Rd8 24. Qc2 e4 25. Qc4 Rd7 26. f3 Qd4+ {White
resigns} 0-1

[Event "Team 45 45 League T40"]
[Site "Internet Chess Club"]
[Date "2009.02.28"]
[Round "5"]
[White "Berkshires"]
[Black "gladius"]
[Result "1/2-1/2"]
[WhiteElo "1550"]
[BlackElo "1455"]
[Opening "French defense"]
[ECO "C00"]
[Time "13:03:30"]
[TimeControl "2700+45"]

1. e4 e6 2. Nf3 d5 3. exd5 exd5 4. d4 Nf6 5. Nc3 c6 6. Bg5 Bd6 7. Be2 h6 8. Bh4
Be6 9. Qd3 Nbd7 10. O-O-O O-O 11. h3 Qa5 12. a3 b5 13. g4 b4 14. Nb1 Ne4 15. Qa6
Qxa6 16. Bxa6 Bf4+ 17. Nfd2 g5 18. f3 Nxd2 19. Nxd2 gxh4 20. axb4 Rab8 21. c3
Rb6 22. Bd3 f5 23. Rde1 Rf6 24. Kc2 fxg4 25. hxg4 Bg3 26. Re2 Rb8 27. Nf1 Bf7
28. Nxg3 hxg3 29. Bf5 Bg6 30. Bxg6 Rxg6 31. Rh3 g2 32. Rxg2 Re8 33. Rhg3 Nf6 34.
Kd3 Nh7 35. f4 Rge6 36. g5 hxg5 37. fxg5 Rg6 38. b3 Re7 39. c4 dxc4+ 40. bxc4
Reg7 41. Re2 Nxg5 42. Rge3 Rf6 43. Re8+ Kf7 44. R8e7+ Kg6 45. Rxg7+ Kxg7 46.
Re7+ Rf7 47. Re5 Nf3 48. Re3 Ng5 49. Ke2 Rb7 50. Re5 Kf6 51. b5 cxb5 52. cxb5
Nf7 53. Rc5 Ke7 54. Kd3 Nd6 55. Rh5 Rxb5 56. Rh7+ Nf7 57. Kc4 Rb8 58. d5 Kf6 59.
Rh3 a5 60. Rb3 Nd6+ 61. Kc3 Ne4+ 62. Kc2 Rc8+ 63. Kb2 Rc5 64. Rb6+ Ke5 65. Rc6
Kxd5 66. Rxc5+ Kxc5 67. Ka3 Kb5 68. Kb3 Nc5+ 69. Ka3 a4 70. Ka2 Kb4 71. Kb2 Nd3+
72. Ka2 Nc1+ 73. Kb1 Nb3 74. Ka2 a3 75. Kb1 Nd2+ 76. Ka2 Ne4 77. Kb1 Nc3+ 78.
Ka1 a2 79. Kb2 Ka4 80. Ka1 Kb4 81. Kb2 Kc4 82. Ka1 Kd3 83. Kb2 Kd2 84. Ka1 Kd1
85. Kb2 Kd2 86. Ka1 {Game drawn by mutual agreement} 1/2-1/2

[Event "Team 45 45 League T40"]
[Site "Internet Chess Club"]
[Date "2009.03.02"]
[Round "5"]
[White "trustnicky"]
[Black "beerss"]
[Result "1-0"]
[WhiteElo "1465"]
[BlackElo "1407"]
[Opening "Réti: Wade defense"]
[ECO "B07"]
[Time "21:00:45"]
[TimeControl "2700+45"]

1. e4 d6 2. Nf3 Bg4 3. h3 Bh5 4. d4 Nd7 5. Nc3 e5 6. dxe5 Nxe5 7. Be2 Nxf3+ 8.
Bxf3 Bxf3 9. Qxf3 Nf6 10. Bg5 Be7 11. O-O O-O 12. Rad1 Qe8 13. Rfe1 Nd7 14. Qg3
Bxg5 15. Qxg5 Ne5 16. Nd5 f6 17. Qg3 Qd7 18. b3 c6 19. Nf4 Rad8 20. c4 Qe7 21.
Qe3 b6 22. Rd2 Rd7 23. Red1 Rfd8 24. Qg3 Qf7 25. Ne2 Qe7 26. Nd4 c5 27. Nf5 Qf8
28. Nh6+ Kh8 29. Nf5 Nf7 30. f4 g6 31. Ne3 Re8 32. f5 Rxe4 33. fxg6 hxg6 34. Nd5
Ne5 35. Nf4 f5 36. Nxg6+ Nxg6 37. Qxg6 Ree7 38. Rxd6 Rg7 39. Qh6+ Rh7 40. Qf4
Qe8 41. Qxf5 Qe3+ 42. Kh2 Rde7 43. Qf8# {Black checkmated} 1-0

[Event "Team 45 45 League T40"]
[Site "Internet Chess Club"]
[Date "2009.02.28"]
[Round "5"]
[White "bmw2002"]
[Black "Juan73"]
[Result "1-0"]
[WhiteElo "1652"]
[BlackElo "1607"]
[Opening "English opening"]
[ECO "A20"]
[Time "20:37:53"]
[TimeControl "2700+45"]

1. c4 e5 2. g3 Nf6 3. Bg2 Bc5 4. e3 d5 5. Ne2 Nc6 6. cxd5 Nxd5 7. O-O Bg4 8. f3
Be6 9. Nbc3 h5 10. d4 exd4 11. exd4 Bd6 12. Nxd5 Bxd5 13. Nc3 Bc4 14. Re1+ Be7
15. b3 Ba6 16. Be3 Kf8 17. a3 h4 18. f4 hxg3 19. hxg3 Qd6 20. Kf2 Bf6 21. Ne4
Qd8 22. Nxf6 Qxf6 23. Rh1 Rxh1 24. Qxh1 g5 25. Rd1 Rd8 26. d5 Ne7 27. Bd4 Qg6
28. Be4 f5 29. Qh8+ Ng8 30. Bc5+ Kf7 31. Bf3 g4 32. Bg2 Re8 33. Qd4 Nf6 34. Re1
Rxe1 35. Kxe1 b6 36. Bb4 Bb7 37. Qc4 Bxd5 38. Bxd5+ Nxd5 39. Qxd5+ Kg7 40. Qd7+
Kh6 41. Bc3 Qg8 42. Qxf5 Qe8+ 43. Kf2 Qg8 44. Be5 Qd8 45. Qe6+ Kh7 46. Qf7+ Kh6
47. Qg7+ Kh5 48. Qh7# {Black checkmated} 1-0

[Event "Team 45 45 League T40"]
[Site "Internet Chess Club"]
[Date "2009.03.01"]
[Round "5"]
[White "isolani"]
[Black "BrerRabbit"]
[Result "1/2-1/2"]
[WhiteElo "1640"]
[BlackElo "1587"]
[Opening "King's Indian: Andersson variation"]
[ECO "E92"]
[Time "14:04:00"]
[TimeControl "2700+45"]

1. d4 Nf6 2. Nf3 g6 3. c4 Bg7 4. Nc3 O-O 5. e4 d6 6. Be2 e5 7. dxe5 dxe5 8. Qxd8
Rxd8 9. Bg5 Re8 10. O-O Na6 11. Rad1 Nc5 12. Nd2 c6 13. b4 Ne6 14. Be3 Nc7 15.
a4 Bd7 16. Nb3 Bf8 17. Nc5 Bc8 18. h3 a5 19. bxa5 Rxa5 20. Nb3 Ra8 21. Bc5 Bxc5
22. Nxc5 b6 23. Nb3 Bb7 24. Rd6 Ne6 25. Rfd1 Rad8 26. Rxd8 Rxd8 27. Rxd8+ Nxd8
28. c5 Nd7 29. cxb6 Nxb6 30. Nc5 Bc8 31. a5 Na8 32. N3a4 Kf8 33. Bc4 Ke7 34. Kf1
f6 35. Ke2 Kd6 36. a6 Ne6 37. Nb7+ Kc7 38. Nac5 Nxc5 39. Nxc5 Kb6 40. Nb7 Bxb7
41. axb7 Kxb7 42. h4 h6 43. Ke3 Nc7 44. f4 Nb5 45. Bf7 g5 46. hxg5 hxg5 47. fxg5
fxg5 48. Kf3 c5 49. Kg4 Nd6 50. Bd5+ Kc7 51. Kxg5 c4 52. Kf6 c3 53. Bb3 Nc4 54.
g4 Nd6 55. Kxe5 Kd7 56. Kd4 Ke7 57. Kxc3 {Game drawn by mutual agreement}
1/2-1/2

[Event "Team 45 45 League T40"]
[Site "Internet Chess Club"]
[Date "2009.02.28"]
[Round "5"]
[White "MarkNY"]
[Black "Sapienza"]
[Result "0-1"]
[WhiteElo "1570"]
[BlackElo "1606"]
[Opening "Ruy Lopez: closed defense"]
[ECO "C84"]
[Time "10:00:52"]
[TimeControl "2700+45"]

1. e4 e5 2. Nf3 Nc6 3. Bb5 a6 4. Ba4 Nf6 5. O-O Be7 6. d3 d6 7. Bxc6+ bxc6 8.
Bg5 O-O 9. Nbd2 Rb8 10. b3 Be6 11. c4 c5 12. Nb1 Nd7 13. Bxe7 Qxe7 14. Nc3 c6
15. Qd2 h6 16. Ne1 f5 17. Nc2 f4 18. Rfb1 Qg5 19. Kf1 Qh4 20. h3 f3 21. Qe3
fxg2+ 22. Kxg2 Rf6 23. Rh1 Rbf8 24. Raf1 Rf3 25. Qxf3 Rxf3 26. Kxf3 Bxh3 27.
Rfg1 Qf4+ 28. Ke2 Bg4+ 29. Ke1 Qc1+ 30. Nd1 Qxd1# {White checkmated} 0-1

[Event "Team 45 45 League T40"]
[Site "Internet Chess Club"]
[Date "2009.03.01"]
[Round "5"]
[White "PANAMA-REY"]
[Black "zepled37"]
[Result "1-0"]
[WhiteElo "1574"]
[BlackElo "1580"]
[Opening "Sicilian: closed, 2...Nc6"]
[ECO "B23"]
[Time "18:04:12"]
[TimeControl "2700+45"]

1. e4 c5 2. Nc3 Nc6 3. Bb5 a6 4. Bxc6 bxc6 5. Nf3 d5 6. e5 Bg4 7. h3 Bh5 8. Qe2
e6 9. d3 Ne7 10. Bg5 h6 11. Bf4 Qb6 12. Rb1 Kd7 13. Bd2 f6 14. g4 Bf7 15. Na4
Qa7 16. Qe3 Ng6 17. b3 Be7 18. O-O Nxe5 19. Nxe5+ fxe5 20. Qxe5 Bf6 21. Qh2 g5
22. Be3 Be7 23. f4 Bd6 24. Qf2 d4 25. Bd2 Raf8 26. Nb2 gxf4 27. Nc4 Bc7 28. Bxf4
Be8 29. Qg3 Bxf4 30. Rxf4 Qc7 31. Rbf1 Rxf4 32. Qxf4 Qxf4 33. Rxf4 Ke7 34. Ne5
Rf8 35. Re4 Rg8 36. Kh2 Kf6 37. Nf3 Ke7 38. Nh4 Kd6 39. Nf3 Rf8 40. Kg3 h5 41.
g5 Rf5 42. h4 Bg6 43. Re1 Rf8 44. Ne5 Bf5 45. Nc4+ Kd7 46. Rf1 Kc7 47. Nd2 Kb6
48. Ne4 Kc7 49. Nxc5 Kd6 50. Ne4+ Ke7 51. Nc5 a5 52. a3 Rb8 53. Re1 Rb5 54. Ne4
c5 55. Nf6 a4 56. bxa4 Ra5 57. Nd5+ Kd6 58. Nb6 Ra6 59. Nc4+ Kc6 60. a5 Ra8 61.
Rb1 Ra6 62. Kf4 Kd5 63. Ne5 Rxa5 64. Rb3 Ra8 65. Rb7 Kd6 66. Rd7# {Black
checkmated} 1-0

[Event "Team 45 45 League T40"]
[Site "Internet Chess Club"]
[Date "2009.03.01"]
[Round "5"]
[White "zachi"]
[Black "AMAV"]
[Result "0-1"]
[WhiteElo "1980"]
[BlackElo "2062"]
[Opening "Sicilian: closed, 6.f4"]
[ECO "B25"]
[Time "19:14:59"]
[TimeControl "2700+45"]

1. e4 c5 2. Nc3 Nc6 3. g3 d6 4. Bg2 g6 5. d3 Bg7 6. f4 e6 7. Nf3 Nge7 8. O-O O-O
9. Be3 b6 10. d4 cxd4 11. Nxd4 Na5 12. f5 Nec6 13. Nxc6 Nxc6 14. f6 Bh8 15. e5
d5 16. Bd4 Ba6 17. Rf4 Rc8 18. Rh4 Nxd4 19. Qxd4 Rc4 20. Qd2 Rxh4 21. gxh4 Qc7
22. Qd4 Rc8 23. Rd1 Qb8 24. Bf1 Bxf1 25. Kxf1 Rc4 26. Qe3 Rxh4 27. Rd2 Qc7 28.
b3 h6 29. Nb5 Qb8 30. Nd6 Rh5 31. Rf2 Qc7 32. Qe2 Qc5 33. a4 Qd4 34. Qd3 Qa1+
35. Kg2 Qxe5 36. Qb5 Qxh2+ 37. Kf1 Qxd6 38. Qe8+ Qf8 {White resigns} 0-1

[Event "Team 45 45 League T40"]
[Site "Internet Chess Club"]
[Date "2009.02.27"]
[Round "5"]
[White "playwaycool"]
[Black "Flying-Tiger"]
[Result "1/2-1/2"]
[WhiteElo "2063"]
[BlackElo "1936"]
[Opening "Trompowsky attack (Ruth, Opocenský opening)"]
[ECO "A45"]
[Time "21:09:54"]
[TimeControl "2700+45"]

1. d4 Nf6 2. Bg5 Ne4 3. Bf4 d6 4. f3 Nf6 5. e4 e6 6. Nd2 Be7 7. c3 O-O 8. Bd3 b6
9. Qc2 Ba6 10. Ne2 Bxd3 11. Qxd3 c5 12. Be3 Nc6 13. a3 a5 14. Rc1 Qd7 15. O-O
Rfd8 16. Rfd1 Rac8 17. Nf1 Qb7 18. g4 c4 19. Qb1 a4 20. g5 Nh5 21. Neg3 Nxg3 22.
Nxg3 e5 23. d5 Na5 24. Rc2 Nb3 25. h4 b5 26. Rg2 g6 27. h5 Rf8 28. Qc2 Bd8 29.
f4 Bb6 30. Qf2 Bxe3 31. Qxe3 exf4 32. Qxf4 Qb6+ 33. Kh2 Nc5 34. h6 Nd7 35. Re2
f6 36. Qg4 Ne5 37. Qe6+ Kh8 38. Rf1 Rce8 39. Rxf6 Qd8 40. Ref2 Rxf6 41. Qxf6+
Qxf6 42. Rxf6 Ng4+ 43. Kh3 Nxf6 44. gxf6 Rf8 45. e5 dxe5 46. Ne4 Kg8 47. d6 Rd8
48. Kg4 Rd7 49. Ng5 Kf8 50. Kh4 Kg8 51. Kg4 Kf8 {Game drawn by mutual agreement}
1/2-1/2

[Event "Team 45 45 League T40"]
[Site "Internet Chess Club"]
[Date "2009.03.01"]
[Round "5"]
[White "mfeatherston"]
[Black "Gregorio"]
[Result "0-1"]
[WhiteElo "1894"]
[BlackElo "2113"]
[Opening "Scotch gambit"]
[ECO "C44"]
[Time "19:17:38"]
[TimeControl "2700+45"]

1. e4 e5 2. Nf3 Nc6 3. d4 exd4 4. Bc4 d6 5. Nxd4 Bd7 6. Nc3 Nf6 7. Bf4 Be7 8.
Qd2 Nh5 9. Be3 Ne5 10. Be2 Ng4 11. Bxg4 Bxg4 12. f3 Bd7 13. O-O-O g6 14. Kb1 Ng7
15. f4 c6 16. Rhf1 f5 17. exf5 Nxf5 18. Nxf5 Bxf5 19. Bd4 Rf8 20. h3 h5 21. Rfe1
Qd7 22. Qe3 b6 23. Ne4 O-O-O 24. Be5 d5 25. Nc3 Rfe8 26. Qd4 Bc5 27. Qa4 b5 28.
Qb3 Be6 29. Na4 Bf8 30. Rd4 Qb7 31. Nc3 Bc5 32. Red1 Bxd4 33. Bxd4 c5 34. Bf6 b4
35. Bxd8 d4 36. Qa4 bxc3 37. b3 Rxd8 38. Re1 d3 39. cxd3 Bf5 40. Kc1 Qxg2 41.
Qa6+ Kb8 42. Qb5+ Ka8 43. Re2 Qf1+ 44. Kc2 Qxe2+ 45. Kxc3 Rxd3+ 46. Kc4 Qc2#
{White checkmated} 0-1

[Event "Team 45 45 League T40"]
[Site "Internet Chess Club"]
[Date "2009.03.01"]
[Round "5"]
[White "Electryon"]
[Black "BigC"]
[Result "0-1"]
[WhiteElo "1596"]
[BlackElo "1857"]
[Opening "English: symmetrical variation"]
[ECO "A30"]
[Time "18:00:09"]
[TimeControl "2700+45"]

1. c4 c5 2. g3 Nc6 3. Bg2 Nf6 4. Nc3 g6 5. e4 Bg7 6. d3 d6 7. Nge2 O-O 8. O-O
Bd7 9. Rb1 Qc8 10. Nf4 Nd4 11. Nfd5 Nxd5 12. Nxd5 Nc6 13. b3 Bh3 14. Bb2 Bxg2
15. Kxg2 Bxb2 16. Rxb2 Qd8 17. Qd2 e6 18. Nc3 Nd4 19. Ne2 Qf6 20. Qf4 Qg7 21.
Rfb1 Rad8 22. Qe3 Nc6 23. a3 f5 24. f3 fxe4 25. dxe4 Rf7 26. Rd2 Qf8 27. Rf1 Qe7
28. Rd3 e5 29. Qd2 Nd4 30. Nxd4 cxd4 31. Qa5 b6 32. Qb5 Rdf8 33. a4 Kh8 34. Qb4
Rf6 35. Qd2 Qg7 36. Qg5 h6 37. Qd2 g5 38. h3 Qg6 39. g4 Kg7 40. Rh1 Qf7 41. Qe2
Rh8 42. Kf2 h5 43. Rdd1 Rf4 44. Kg2 Rf8 45. Rdf1 h4 46. Rf2 a6 47. Ra1 Qc7 48.
Qd3 Qc5 49. Rc2 Qb4 50. Kf2 Rxf3+ 51. Qxf3 Rxf3+ 52. Kxf3 Qxb3+ {White resigns}
0-1

[Event "Team 45 45 League T40"]
[Site "Internet Chess Club"]
[Date "2009.03.02"]
[Round "5"]
[White "f5"]
[Black "adh2050"]
[Result "1-0"]
[WhiteElo "2194"]
[BlackElo "2049"]
[Opening "Sicilian: closed, 6.Be3"]
[ECO "B26"]
[Time "13:05:04"]
[TimeControl "2700+45"]

1. e4 c5 2. Nc3 g6 3. g3 Bg7 4. Bg2 Nc6 5. d3 d6 6. Be3 Rb8 7. Qd2 b5 8. Nge2
Nd4 9. Nd1 b4 10. O-O e5 11. a3 b3 12. c3 Nc6 13. f4 Nge7 14. f5 f6 15. g4 h6
16. Ng3 g5 17. Nh5 O-O 18. h4 Kf7 19. hxg5 hxg5 20. Bxg5 fxg5 21. f6 Kg6 22.
fxe7 Rxf1+ 23. Bxf1 Nxe7 24. Nxg7 Bxg4 25. Ne3 Bd7 26. Ngf5 Bc6 27. Qh2 Qf8 28.
Be2 Ng8 29. Qh5+ Kf6 30. Rf1 Ke6 31. Bg4 Nf6 32. Qxg5 Nxg4 33. Qxg4 Qg8 34. Nd4+
{Black resigns} 1-0

[Event "Team 45 45 League T40"]
[Site "Internet Chess Club"]
[Date "2009.02.27"]
[Round "5"]
[White "ConfusedDog589"]
[Black "chsrules88"]
[Result "0-1"]
[WhiteElo "1960"]
[BlackElo "2026"]
[Opening "QGD: Chigorin defense"]
[ECO "D07"]
[Time "19:07:29"]
[TimeControl "2700+45"]

1. d4 d5 2. c4 Nc6 3. e3 Nf6 4. Nf3 Bg4 5. Be2 e6 6. Qb3 Bb4+ 7. Bd2 dxc4 8.
Qxc4 Bxd2+ 9. Nbxd2 O-O 10. O-O Re8 11. Rac1 e5 12. dxe5 Rxe5 13. Rfd1 Be6 14.
Qc2 Rd5 15. e4 Rd7 16. a3 a5 17. Nb3 Nxe4 18. Rxd7 Qxd7 19. Qxe4 Bxb3 20. Ng5 g6
21. Rc3 Re8 22. Qd3 Qxd3 23. Bxd3 Re1+ 24. Bf1 Ba4 25. Rc5 b6 26. Rd5 Bb3 27.
Nf3 Rxf1+ {White resigns} 0-1

[Event "Team 45 45 League T40"]
[Site "Internet Chess Club"]
[Date "2009.02.27"]
[Round "5"]
[White "PaulKaspar"]
[Black "Ben622"]
[Result "1/2-1/2"]
[WhiteElo "1835"]
[BlackElo "2107"]
[Opening "Alekhine's defense"]
[ECO "B03"]
[Time "09:02:26"]
[TimeControl "2700+45"]

1. e4 Nf6 2. e5 Nd5 3. d4 d6 4. exd6 cxd6 5. c4 Nb6 6. Nf3 g6 7. Be2 Bg7 8. O-O
Nc6 9. Nc3 O-O 10. Re1 Bg4 11. Bg5 h6 12. Bf4 Bxf3 13. Bxf3 g5 14. Bg3 Bxd4 15.
Bxc6 Bxc3 16. bxc3 bxc6 17. c5 dxc5 18. Qh5 Kh7 19. Rad1 Qe8 20. Bd6 Nc8 21.
Bxc5 f6 22. Qxe8 Rxe8 23. Rd7 {Game drawn by mutual agreement} 1/2-1/2

[Event "Team 45 45 League T40"]
[Site "Internet Chess Club"]
[Date "2009.03.03"]
[Round "5"]
[White "BRAINWAVE"]
[Black "Brechstange"]
[Result "0-1"]
[WhiteElo "1776"]
[BlackElo "1943"]
[Opening "Ruy Lopez: exchange variation, 5.O-O"]
[ECO "C68"]
[Time "18:52:56"]
[TimeControl "2700+45"]

1. e4 e5 2. Nf3 Nc6 3. Bb5 a6 4. Bxc6 dxc6 5. O-O Bg4 6. d3 Qf6 7. Nbd2 Ne7 8.
b3 Ng6 9. Bb2 Bd6 10. Qe1 c5 11. Qe3 O-O-O 12. b4 b6 13. a3 h5 14. Rfb1 h4 15.
h3 Bd7 16. c3 Nf4 17. bxc5 Qg6 18. Nxh4 Rxh4 19. g3 Rxh3 20. cxd6 Rdh8 21. Qf3
Bg4 22. Qg2 Nxg2 23. Kxg2 Rh2+ {White resigns} 0-1